 Dungeon Crawl Stone Soup version 0.29.1-1-gd02db69 (webtiles) character file.

Game seed: 14322522075338052281

12 ballsballsballsballs the Trooper (level 2, -7/19 HPs)
             Began as a Gargoyle Berserker on Feb 25, 2024.
             Was a Follower of Trog.
             Mangled by Jessica
             ... wielding a +5 dagger of draining
              (10 damage)
             ... on level 2 of the Dungeon.
             The game lasted 00:02:05 (1108 turns).

ballsballsballsballs the Trooper (GrBe)             Turns: 1108, Time: 00:02:06

Health: -7/19      AC: 13    Str: 20    XL:     2   Next: 33%
Magic:  2/2        EV:  6    Int:  7    God:    Trog [*.....]
Gold:   48         SH:  0    Dex:  9    Spells: 1/1 levels left

rFire   . . .      SeeInvis .   a - +0 mace
rCold   . . .      Faith    .   (no shield)
rNeg    + . .      Spirit   .   e - +0 plate armour
rPois   ∞          Reflect  .   (no helmet)
rElec   +          Harm     .   (no cloak)
rCorr   .          Rampage  .   (no gloves)
Will    .....                   (no boots)
Stlth   ..........              (no amulet)
HPRegen 0.06/turn               (no ring)
MPRegen 0.08/turn               (no ring)

@: no status effects
A: sickness immunity, AC +2, negative energy resistance 1, electricity
resistance, torment resistance 1, petrification resistance
a: Renounce Religion, Berserk


You were on level 2 of the Dungeon.
You worshipped Trog.
Trog was aware of your devotion.
You visited 1 branch of the dungeon, and saw 2 of its levels.

You collected 48 gold pieces.

Inventory:

Hand Weapons
 a - a +0 mace (weapon)
Armour
 b - a +0 animal skin
 e - a +0 plate armour (worn)
Jewellery
 c - a ring of willpower
Scrolls
 d - 3 scrolls of teleportation {unknown}
 g - a scroll of magic mapping {unknown}
 h - a scroll of enchant armour {unknown}
 i - a scroll of immolation {unknown}
Potions
 f - 2 potions of degeneration {unknown}
 j - a potion of curing {unknown}


   Skills:
 + Level 3.6 Fighting
 + Level 3.3 Maces & Flails
 + Level 2.3 Armour
 + Level 1.6 Dodging


You had one spell level left.
You didn't know any spells.
Your spell library was empty.

Dungeon Overview and Level Annotations

Branches:
Dungeon (2/15)

Altars:

Shops:
D:1 !

Annotations:
D:2 Jessica


Innate Abilities, Weirdness & Mutations

You are immune to sickness and miasma.
Your stone body is resilient. (AC +2)
You are immune to poison.
You resist negative energy. (rN+)
You are resistant to electric shocks. (rElec)
You are resistant to unholy torment.
You are immune to petrification.


Message History

There is a large open door here.
There is a stone staircase leading down here.
You climb downwards.
There is a stone staircase leading up here.
Found an escape hatch in the ceiling.
There is an escape hatch in the ceiling here.
j - an inky potion You now have 36 gold pieces (gained 3).
Found a stone staircase leading down.
f - 2 murky cyan potions (gained 1)
There is a stone staircase leading down here.
You now have 48 gold pieces (gained 12).
There is a stone staircase leading down here.
A ball python comes into view.
The ball python hisses angrily.
A ball python is nearby!
You hit the ball python.
You kill the ball python!
Trog accepts your kill.
No target in view!
No target in view!
No target in view!
No target in view!
No target in view!
No target in view!
Jessica the Apprentice Sorceress comes into view.
She is wielding a +5 dagger of draining and carrying a wand of flame (20).
Jessica shouts!
Jessica zaps a wand.
The puff of flame hits you.
Jessica zaps a wand.
The puff of flame hits you.
You closely miss Jessica.
Jessica zaps a wand.
The puff of flame hits you!
* * * LOW HITPOINT WARNING * * *
You are too injured to fight recklessly!
You are too injured to fight recklessly!
You hit Jessica but do no damage. Jessica hits you but does no damage.
You barely miss Jessica. Jessica hits you but does no damage.
You hit Jessica.
Jessica is moderately wounded.
Jessica hits you with a +5 dagger of draining!
Ouch! That really hurt!
You die...

#### #... #.##
#######.## ..........
##################.#.
#..................#.
#.##################.
#...@@...............
####...#############.
#.#.# #. #.#.# #. #.#
# #. #.# #########.
... ........>. ...
########.. #..


You could see Jessica.

Vanquished Creatures
  A ball python (D:2)
  An endoplasm (D:1)
  2 goblins (D:1)
  2 hobgoblins (D:1)
  A quokka (D:1)
  A bat (D:1)
  A frilled lizard (D:1)
  2 rats (D:1)
11 creatures vanquished.

Notes
Turn   | Place    | Note
-------+----------+-------------------------------------------
     0 | D:1      | ballsballsballsballs the Gargoyle Berserker began the quest
                  | for the Orb.
     0 | D:1      | Reached XP level 1. HP: 14/14 MP: 1/1
   128 | D:1      | Found Mawn's Distillery.
   463 | D:1      | Reached XP level 2. HP: 15/19 MP: 2/2
  1101 | D:2      | Noticed Jessica
  1108 | D:2      | Mangled by Jessica

Illustrated notes

Levels and vault maps discovered:
D:1:      denvon_arrival_planthouse, layout_basic, serial_shops, shop
D:2:      layout_basic, basic_altar, minmay_fractal_squares_gapless_5,
          uniq_jessica, uniq_sigmund, uniq_robin

Action                   || total
-------------------------++-------
Melee: Mace              ||    40
Armor: Animal skin       ||     8
       Plate armour      ||    15
Dodge: Dodged            ||    10
